 Dungeon Crawl Stone Soup version 0.23-a0-183-gf37f6fb (webtiles) character file.

1274 epen the Poker (level 8, -8/74 HPs)
             Began as a Naga Monk on Sept 22, 2018.
             Was a Believer of Cheibriados.
             Mangled by an orc warrior
             ... wielding a +0 halberd
              (24 damage)
             ... on level 6 of the Dungeon.
             The game lasted 00:10:30 (6046 turns).

epen the Poker (Naga Monk)                          Turns: 6046, Time: 00:10:31

Health: -8/74      AC: 11    Str: 20    XL:     8   Next: 53%
Magic:  10/10      EV: 12    Int: 17    God:    Cheibriados [**....]
Gold:   347        SH:  4    Dex: 18    Spells: 7/7 levels left

rFire    . . .     SeeInvis +   h - +0 trident
rCold    + . .     Gourm    .   (no shield)
rNeg     . . .     Faith    .   j - +1 robe
rPois    +         Spirit   .   d - +2 helmet
rElec    .         Reflect  +   p - +1 cloak
rCorr    .         Harm     .   s - +0 pair of gloves
MR       +....                  (no barding)
Stlth    ++........             q - +4 amulet of reflection
HPRegen  0.22/turn              u - ring of protection from cold
MPRegen  0.12/turn              (no ring)

@: about to teleport, short of breath, very slow
A: large, see invisible, deformed body, poison resistance, slowness 2, slow
metabolism 1, spit poison 1, AC +2
a: Spit Poison, Bend Time, Renounce Religion


You were on level 6 of the Dungeon.
You worshipped Cheibriados.
Cheibriados was pleased with you.
You were hungry.

You visited 2 branches of the dungeon, and saw 7 of its levels.

You collected 347 gold pieces.

Inventory:

Hand Weapons
 a - a +1 spear
 h - a +0 trident (weapon)
 t - a +0 halberd
Armour
 b - a +0 robe
 d - a +2 helmet (worn)
 j - a +1 robe (worn)
 k - a +0 ring mail
 p - a +1 cloak (worn)
 s - a +0 pair of gloves (worn)
Jewellery
 q - a +4 amulet of reflection (around neck)
 u - a ring of protection from cold (left hand)
Scrolls
 f - 6 scrolls of remove curse
 g - 2 scrolls of fear
 l - a scroll of teleportation
Potions
 e - a potion of berserk rage
 i - a potion of flight {unknown}
 m - a potion of heal wounds {unknown}
 n - a potion of ambrosia {unknown}
 o - a potion of degeneration {unknown}
 r - 2 potions of resistance
 v - a potion of might {unknown}
Comestibles
 c - 12 rations


   Skills:
 + Level 5.1 Fighting
 * Level 6.8 Polearms
 + Level 3.3 Armour
 + Level 4.3 Dodging
 - Level 3.0 Stealth
 + Level 3.0 Invocations


You had 7 spell levels left.
You didn't know any spells.
Your spell library was empty.

Dungeon Overview and Level Annotations

Branches:
Dungeon (6/15)             Temple (1/1) D:4

Altars:
Ashenzari
Cheibriados
Dithmenos
Elyvilon
Gozag
Kikubaaqudgha
Makhleb
Okawaru
Qazlal
Sif Muna
Trog
Uskayaw
Vehumet
Wu Jian
Xom
Yredelemnul
Zin
The Shining One

Annotations:
D:6 Eustachio


Innate Abilities, Weirdness & Mutations

You cannot wear boots.
Your serpentine skin is tough. (AC +2)
You have supernaturally acute eyesight. (SInv)
Armour fits poorly on your strangely shaped body.
Your system is resistant to poisons. (rPois)
You cover ground very slowly.
You have a slow metabolism.
You can spit poison.


Message History

Aim: an orc warrior, wielding a halberd and wearing a chain mail (moderately The splash of poison hits the orc wizard.
The orc wizard is heavily wounded.
You are feeling hungry.
The orc warrior hits you from afar with a halberd!!
* * * LOW HITPOINT WARNING * * *
The orc wizard hits you but does no damage.
Okay, then.
Okay, then.
Okay, then.
As you read the scroll of teleportation, it crumbles to dust.
You feel strangely unstable. You block the orc warrior's attack.
The orc wizard hits you but does no damage.
You hit the orc wizard but do no damage.
The orc wizard is heavily wounded.
The orc warrior closely misses you. The orc wizard barely misses you.
You hit the orc wizard but do no damage.
The orc wizard is heavily wounded.
The orc warrior hits you from afar with a halberd!!
You die...

###. ... ..#
..#####
##5......
##rr5.....
#ooo..5...
##o#######.
##@## #..#
##.## ##.##
#..# ##.##
####.##
######...##
####.....<#..#


You could see an orc warrior, an orc wizard (invisible), a white imp, 2 orcs, an
ufetubus and 2 quokkas.

Vanquished Creatures
  Pikel (D:6)
  Menkaure (D:6)
  An eye of draining (D:2)
  A centaur (D:6)
  Blork the orc (D:3)
  2 scorpions
  A jelly (D:6)
  A hound (D:4)
  2 orc priests
  An orc wizard (D:4)
  2 worker ants
  A hound zombie (D:4)
  3 gnolls
  7 adders
  2 shadow imps
  2 oozes
  2 adder skeletons (D:5)
  3 worms
  A dart slug (D:1)
  5 leopard geckos
  15 orcs
  5 giant cockroaches
  3 goblins
  4 hobgoblins (D:2)
  9 jackals
  2 quokkas
  5 bats
  4 frilled lizards
  4 kobolds
  A leopard gecko skeleton (D:4)
  10 rats
102 creatures vanquished.

Vanquished Creatures (others)
  A slave (D:6)
1 creature vanquished.

Grand Total: 103 creatures vanquished

Notes
Turn   | Place    | Note
-------+----------+-------------------------------------------
     0 | D:1      | epen the Naga Monk began the quest for the Orb.
     0 | D:1      | Reached XP level 1. HP: 21/21 MP: 1/1
   157 | D:1      | Reached XP level 2. HP: 28/28 MP: 2/2
   544 | D:2      | Reached XP level 3. HP: 14/34 MP: 3/3
   921 | D:2      | Reached skill level 1 in Armour
  1204 | D:2      | Reached XP level 4. HP: 39/42 MP: 4/4
  1740 | D:3      | Reached skill level 4 in Polearms
  1897 | D:3      | Found an ornate altar of the Wu Jian Council.
  2206 | D:3      | Found a bloodstained altar of Trog.
  2206 | D:3      | Noticed an eye of draining
  2207 | D:3      | Reached XP level 5. HP: 49/49 MP: 5/5
  2274 | D:2      | Killed an eye of draining
  2576 | D:3      | Reached XP level 6. HP: 57/57 MP: 6/6
  2828 | D:3      | Noticed Blork the orc
  2859 | D:3      | Killed Blork the orc
  2865 | D:3      | Found a deep blue altar of Sif Muna.
  2959 | D:3      | Reached skill level 5 in Polearms
  3064 | D:4      | Found a hide-covered altar of Uskayaw.
  3346 | D:4      | Found a staircase to the Ecumenical Temple.
  3363 | D:4      | Reached XP level 7. HP: 65/66 MP: 7/7
  3373 | Temple   | Entered the Ecumenical Temple
  3604 | Temple   | Became a worshipper of Cheibriados the Contemplative
  3604 | Temple   | Reached * piety under Cheibriados
  3604 | Temple   | Reached ** piety under Cheibriados
  3634 | D:4      | Found a glowing silver altar of Zin.
  3634 | D:4      | Found a white marble altar of Elyvilon.
  3635 | D:4      | Found a glowing golden altar of the Shining One.
  4058 | D:4      | Found a burning altar of Makhleb.
  4169 | D:5      | Entered Level 5 of the Dungeon
  4229 | D:5      | Reached skill level 1 in Invocations
  5260 | D:6      | Noticed Menkaure
  5267 | D:6      | Killed Menkaure
  5274 | D:6      | Reached skill level 6 in Polearms
  5549 | D:6      | Noticed Pikel
  5567 | D:6      | Killed Pikel
  5567 | D:6      | Reached skill level 5 in Fighting
  5567 | D:6      | Reached XP level 8. HP: 50/74 MP: 8/10
  6027 | D:6      | Noticed Eustachio
  6046 | D:6      | Mangled by an orc warrior

Vault maps used:
D:1:      dpeg_arrival_prison
D:2:      hangedman_decor_diamond_cutter
D:3:      trog_eyes_of_draining, tgw_sif, lemuel_crystal_altar, first_ration
D:4:      good_gods_temple_1, kennysheep_little_box, lightli_temple_of_fire,
          temple_statues
D:5:      uniq_blork_the_orc
D:6:      uniq_eustachio, uniq_menkaure, uniq_pikel
Temple:   dpeg_chambers_temple

Skill      XL: |  1  2  3  4  5  6  7  8 |
---------------+-------------------------+-----
Armour         | 1 2 3 |  3.3
Polearms       | 4 5 6 |  6.8
Dodging        | 3 4 |  4.3
Fighting       | 4 5 |  5.1
Invocations    | 2 3 |  3.0
Stealth        | |  3.0

Action                   |  1- 3 |  4- 6 |  7- 9 || total
-------------------------+-------+-------+-------++-------
Melee: Spear             |   122 |   104 |       ||   226
       Trident           |       |    92 |    72 ||   164
       Halberd           |       |       |    41 ||    41
 Abil: Spit Poison       |    11 |    30 |     7 ||    48
  Use: Scroll            |       |     8 |     5 ||    13
       Potion            |       |       |     2 ||     2
 Stab: Sleeping          |     6 |     4 |       ||    10
  Eat: Chunk             |     1 |     6 |       ||     7
       Ration            |       |     1 |     1 ||     2
Armor: Robe              |    39 |    63 |    17 ||   119
       Ring mail         |       |    22 |    38 ||    60
Dodge: Dodged            |    60 |   120 |    64 ||   244
Block: Other             |       |     4 |    27 ||    31
       Reflection        |       |       |     1 ||     1

Table legend:
 A = Non-vault XP
 B = Vault XP
 C = Vault XP percentage of total XP
 D = Non-vault monster count
 E = Vault monster count
 F = Vault count percentage of total count
                 A         B        C        D         E       F
            +---------+---------+-------+---------+---------+-------
      Total |     824 |     997 |  54.8 |      95 |       7 |   6.9
            +---------+---------+-------+---------+---------+-------
        D:1 |      24 |       2 |   7.7 |      14 |       1 |   6.7
        D:2 |     148 |     128 |  46.4 |      33 |       2 |   5.7
        D:3 |     100 |      95 |  48.7 |      16 |       2 |  11.1
        D:4 |     214 |       0 |   0.0 |      15 |       0 |   0.0
        D:5 |     177 |       0 |   0.0 |      10 |       0 |   0.0
        D:6 |     161 |     772 |  82.7 |       7 |       2 |  22.2
            +---------+---------+-------+---------+---------+-------
